 Dungeon Crawl Stone Soup version 0.23.0 (webtiles) character file.

Game seed: 8157075855251539811

901 Morgius the Conjurer (level 7, 0/46 HPs)
             Began as a Mummy Wizard on Feb 17, 2019.
             Slain by an orc
             ... wielding a +0 flail
              (5 damage)
             ... on level 4 of the Dungeon.
             The game lasted 00:12:51 (5512 turns).

Morgius the Conjurer (Mummy Wizard)                 Turns: 5512, Time: 00:12:51

Health: 0/46       AC:  2    Str: 10    XL:     7   Next: 80%
Magic:  0/13       EV: 11    Int: 20    God:
Gold:   126        SH:  4    Dex: 10    Spells: 7/14 levels left

rFire    x . .     SeeInvis .   i - +0 dagger (flame)
rCold    + . .     Gourm    .   j - +0 buckler (curse)
rNeg     + + +     Faith    .   a - +0 robe
rPois    ∞         Spirit   .   b - +0 hat
rElec    .         Reflect  .   (no cloak)
rCorr    .         Harm     .   (no gloves)
MR       .....                  (no boots)
Stlth    ++........             (no amulet)
HPRegen  0.15/turn              (no ring)
MPRegen  0.13/turn              (no ring)

@: very slightly contaminated
A: no food or potions, fire vulnerability, cold resistance 1, negative energy
resistance 3, torment resistance, unbreathing
a: no special abilities


You were on level 4 of the Dungeon.
You were not hungry.

You visited 1 branch of the dungeon, and saw 4 of its levels.
You also visited: Sewer.

You collected 126 gold pieces.

Inventory:

Hand Weapons
 f - a +0 short sword
 g - a +0 blowgun
 i - a +0 dagger of flaming (weapon)
Missiles
 d - 10 poisoned needles
Armour
 a - a +0 robe (worn)
 b - a +0 hat (worn)
 j - a cursed +0 buckler (worn)
Scrolls
 c - a scroll of blinking
 e - 4 scrolls of teleportation
 h - 2 scrolls of identify


   Skills:
 - Level 1.5 Dodging
 - Level 1.5 Stealth
 + Level 1.9 Shields
 - Level 4.0 Spellcasting
 + Level 7.1 Conjurations
   Level 0.7 Summonings
   Level 0.7 Translocations


You had 7 spell levels left.
You knew the following spells:

 Your Spells              Type           Power        Failure   Level  Hunger
a - Magic Dart            Conj           ####         1%          1    N/A
b - Conjure Flame         Conj/Fire      ###.....     12%         3    N/A
c - Mephitic Cloud        Conj/Pois/Air  ##......     19%         3    N/A

Your spell library contained the following spells:

 Spells                   Type           Power        Failure   Level  Hunger
 Blink                    Tloc           N/A          19%         2    N/A
 Call Imp                 Summ           #.......     19%         2    N/A
 Slow                     Hex            #.......     24%         2    N/A

Dungeon Overview and Level Annotations

Branches:
Dungeon (4/15)             Temple (0/1) D:4

Altars:
Gozag
The Shining One

Shops:
D:4 *


Innate Abilities, Weirdness & Mutations

You do not eat or drink.
Your flesh is vulnerable to fire.
You are immune to poison.
Your flesh is cold resistant. (rC+)
You are immune to negative energy. (rN+++)
You are immune to unholy pain and torment.
You can survive without breathing.


Message History

Casting: Magic Dart (safe; 1% risk of failure)
Confirm with . or Enter, or press ? or * to list all spells.
Aiming: Magic Dart (safe; 1% risk of failure)
Press: ? - help, Shift-Dir - straight line, f/p - orc priest
Aim: an orc priest, wielding a +0 falchion, wearing a +0 scale mail, wearing a +0 shield and wearing a +2 ring of strength (severely wounded)
The magic dart hits the orc priest but does no damage.
The orc priest is severely wounded.
The orc priest hits you with a +0 falchion.
The orc hits you with a +0 flail.
Casting: Magic Dart (safe; 1% risk of failure)
Confirm with . or Enter, or press ? or * to list all spells.
Aiming: Magic Dart (safe; 1% risk of failure)
Press: ? - help, Shift-Dir - straight line, f/p - orc priest
Aim: an orc priest, wielding a +0 falchion, wearing a +0 scale mail, wearing a +0 shield and wearing a +2 ring of strength (severely wounded)
The magic dart hits the orc priest.
The orc priest is almost dead.
The orc priest hits you with a +0 falchion!
* * * LOW HITPOINT WARNING * * *
The orc hits you with a +0 flail.
You die...

....#,,**,,,,.........)..##......
....#,,*#.,#.##......#...........
.#..#,,...,#.........#....###..#.
#..####.>.##..............* #..##
.....#....#.............#####..##
...^.......#............#.#.>...#
.#...............................
.#........*#....oo...............
##O#####.#***#..@................
...#.÷.#,# #####.................
...'.∩.+,* #......#.............[
...#...#** ##....####...........#
...##### ####......#...........##
...†...# #....#.....#........###
.......###....#....##...#....#
.###.<#..#....##...##..##.####
..#...........#....#...#..##


You could see an orc priest and an orc.

Vanquished Creatures
  An ogre (D:4)
  6 big kobolds (Sewer)
  A scorpion (D:4)
  An orc priest (D:3)
  An orc wizard (D:4)
  An iguana (D:4)
  A hound skeleton (D:4)
  3 gnolls (D:4)
  8 adders
  A river rat (Sewer)
  6 oozes
  6 worms
  3 dart slugs
  3 leopard geckos
  2 orcs
  3 ball pythons
  6 giant cockroaches
  6 goblins
  11 hobgoblins
  14 jackals
  11 kobolds
  2 quokkas
  6 bats
  A frilled lizard (D:2)
  13 rats
117 creatures vanquished.

Vanquished Creatures (others)
  A leopard gecko (D:3)
1 creature vanquished.

Grand Total: 118 creatures vanquished

Notes
Turn   | Place    | Note
-------+----------+-------------------------------------------
     0 | D:1      | Morgius the Mummy Wizard began the quest for the Orb.
     0 | D:1      | Reached XP level 1. HP: 13/13 MP: 5/5
     4 | D:1      | Reached skill level 1 in Conjurations
    49 | D:1      | Reached XP level 2. HP: 5/19 MP: 0/7
   207 | D:1      | Reached skill level 2 in Conjurations
   542 | D:1      | Reached XP level 3. HP: 24/24 MP: 4/8
   548 | D:1      | Learned a level 3 spell: Conjure Flame
   552 | D:1      | Learned a level 3 spell: Mephitic Cloud
  1035 | D:2      | Found a glowing golden altar of the Shining One.
  1035 | D:2      | Found an opulent altar of Gozag.
  1272 | D:2      | Reached skill level 3 in Conjurations
  1465 | D:2      | Reached XP level 4. HP: 18/30 MP: 5/10
  2436 | D:3      | Found a glowing drain.
  2440 | Sewer    | Entered a sewer
  2612 | Sewer    | Noticed a big kobold
  2662 | Sewer    | HP: 1/30 [big kobold/+0 short sword (11)]
  2680 | Sewer    | Killed a big kobold
  2680 | Sewer    | Reached skill level 4 in Conjurations
  2680 | Sewer    | Reached XP level 5. HP: 4/35 MP: 0/11
  3123 | Sewer    | Reached skill level 5 in Conjurations
  3165 | Sewer    | Reached XP level 6. HP: 41/41 MP: 6/12
  3791 | Sewer    | Reached skill level 6 in Conjurations
  3791 | Sewer    | Reached XP level 7. HP: 19/46 MP: 0/13
  4782 | D:4      | Found Elinix's Serpentskin Sales.
  5017 | D:3      | Reached skill level 1 in Shields
  5200 | D:4      | Reached skill level 7 in Conjurations
  5512 | D:4      | Slain by an orc

Skill      XL: |  1  2  3  4  5  6  7 |
---------------+----------------------+-----
Conjurations   | 1 2 3 4 5 6 7 |  7.1
Shields        | 1 |  1.9
Dodging        | |  1.5
Stealth        | |  1.5
Spellcasting   | |  4.0
Summonings     | |  0.7
Translocations | |  0.7

Action                   |  1- 3 |  4- 6 |  7- 9 || total
-------------------------+-------+-------+-------++-------
Melee: Club              |    20 |       |       ||    20
       Short sword       |    38 |    98 |     8 ||   144
       Dagger            |       |       |    27 ||    27
 Fire: Blowgun           |       |     5 |       ||     5
 Cast: Magic Dart        |    68 |   116 |    92 ||   276
       Mephitic Cloud    |     3 |     6 |     3 ||    12
       Conjure Flame     |       |     8 |     1 ||     9
  Use: Scroll            |       |     5 |     3 ||     8
 Stab: Confused          |     1 |     4 |       ||     5
       Sleeping          |       |     2 |       ||     2
Armor: Robe              |     5 |    23 |       ||    28
Dodge: Dodged            |    35 |    78 |    36 ||   149
Block: Buckler           |       |       |    10 ||    10
